 Dungeon Sprint DCSS version 0.20.1-1-g8b1a95d (webtiles) character file.

807 Mitsuki the Nimble (level 7, -1/36 HPs)
             Began as a Deep Elf Fire Elementalist on Sept 21, 2017.
             Was a Follower of Vehumet.
             Slain by a vampire (8 damage)
             ... in the Dungeon (Sprint IX: "|||||||||||||||||||||||||||||").
             The game lasted 00:07:22 (627 turns).

Mitsuki the Nimble (Deep Elf Fire Elementalist)      Turns: 627, Time: 00:07:23

Health: -1/36      AC:  6    Str:  5    XL:     7   Next: 60%
Magic:  20/21      EV: 19    Int: 25    God:    Vehumet [*.....]
Gold:   0          SH:  0    Dex: 15    Spells: 19/23 levels left

rFire    . . .     SeeInvis .   n - staff of energy
rCold    . . .     Gourm    .   (no shield)
rNeg     . . .     Faith    .   a - +0 robe
rPois    .         Spirit   .   (no helmet)
rElec    .         Reflect  .   o - +0 cloak
rCorr    .         Harm     .   (no gloves)
MR       .....     NoTele   +   r - +0 pair of boots
Stlth    +.........             (no amulet)
Regen    0.2/turn               p - +2 ring of protection
MPRegen  0.2/turn               q - +3 ring of intelligence

@: confused, very slightly contaminated, invisible
A: no striking features
a: Renounce Religion


You were in the Dungeon.
You worshipped Vehumet.
Vehumet was aware of your devotion.
You were not hungry.

You visited 1 branch

Inventory:

Hand Weapons
 j - a +0 short sword
Armour
 a - a +0 robe (worn)
 o - a +0 cloak (worn)
 r - a +0 pair of boots (worn)
Magical Staves
 n - an uncursed staff of energy (weapon)
Jewellery
 p - a +2 ring of protection (left hand)
 q - a +3 ring of intelligence (right hand)
Wands
 m - a wand of lightning (7/15)
Scrolls
 i - 2 scrolls of blinking
 k - 3 scrolls of remove curse
 l - 2 scrolls of amnesia
Potions
 g - 3 potions of magic
 h - 3 potions of curing
Books
 b - a book of Flames

   Spells                             Type                      Level
   a - Flame Tongue                   Conjuration/Fire             1
   b - Throw Flame                    Conjuration/Fire             2
   c - Conjure Flame                  Conjuration/Fire             3
   d - Inner Flame                    Hexes/Fire                   3
   e - Sticky Flame                   Conjuration/Fire             4
   f - Fireball                       Conjuration/Fire             5
Comestibles
 c - a bread ration


   Skills:
 + Level 10.0 Dodging
 - Level 2.4 Stealth
 + Level 8.9 Spellcasting
 + Level 9.1 Conjurations
 + Level 9.6 Fire Magic
 + Level 6.9 Evocations


You had 19 spell levels left.
You knew the following spells:

 Your Spells              Type           Power        Failure   Level  Hunger
a - Flame Tongue          Conj/Fire      #####        1%          1    None
b - Conjure Flame         Conj/Fire      ######..     1%          3    None


Dungeon Overview and Level Annotations

Branches:
Dungeon (1/1)

Altars:
Cheibriados
Dithmenos
Elyvilon
Fedhas
Gozag
Hepliaklqana
Kikubaaqudgha
Makhleb
Nemelex Xobeh
Okawaru
Qazlal
Ru
Sif Muna
Trog
Uskayaw
Vehumet
Xom
Yredelemnul
Zin
The Shining One
Beogh
Jiyva
Lugonu


Message History

You fade into invisibility!
Something hits you.
* * * LOW HITPOINT WARNING * * *
Something barely misses you.
There is a hazy altar of Hepliaklqana here.
A vampire appears from thin air!
Reactivating autopickup.
The vampire casts a spell at you.
You are confused.
There is an opulent altar of Gozag here.
You're too confused to cast spells.
You bump into the unnaturally hard rock wall.
There is a blossoming altar of Fedhas here.
You bump into the unnaturally hard rock wall.
The vampire completely misses you. The vampire misses you.
You hit the vampire but do no damage. The vampire barely misses you.
The vampire completely misses you.
You bump into the unnaturally hard rock wall.
The vampire completely misses you. The vampire bites you!
You die...

▓_▓
▓_▓
▓_▓
▓_▓
▓_▓
▓_▓
▓h▓
▓V▓
▓@▓
▓_▓
▓_▓
▓_▓
▓_▓
▓'▓
▓.▓
▓.▓
▓.▓


You could see a vampire and a howler monkey.

Vanquished Creatures
  A two-headed ogre (D)
  A sky beast (D)
  A howler monkey (D)
  A hound (D)
  2 adders (D)
  An adder skeleton (D)
  3 dart slugs (D)
  An orc (D)
  A frilled lizard (D)
  A kobold (D)
13 creatures vanquished.

Notes
Turn   | Place    | Note
-------+----------+-------------------------------------------
     0 | D        | Mitsuki the Deep Elf Fire Elementalist began the quest for the Orb.
     0 | D        | Reached XP level 1. HP: 10/10 MP: 6/6
     6 | D        | Reached skill level 3 in Dodging
   149 | D        | Reached XP level 2. HP: 15/15 MP: 2/8
   208 | D        | Noticed a howler monkey
   215 | D        | Reached skill level 4 in Dodging
   219 | D        | Killed a howler monkey
   219 | D        | Reached skill level 5 in Dodging
   219 | D        | Reached skill level 5 in Fire Magic
   219 | D        | Reached XP level 3. HP: 6/19 MP: 4/9
   224 | D        | Reached skill level 6 in Dodging
   224 | D        | Reached skill level 5 in Conjurations
   224 | D        | Reached XP level 4. HP: 8/24 MP: 0/10
   476 | D        | Found a roughly hewn altar of Beogh.
   476 | D        | Found a snail-covered altar of Cheibriados.
   476 | D        | Found a shadowy altar of Dithmenos.
   476 | D        | Found a white marble altar of Elyvilon.
   476 | D        | Found a blossoming altar of Fedhas.
   476 | D        | Found an opulent altar of Gozag.
   477 | D        | Found a hazy altar of Hepliaklqana.
   478 | D        | Found a viscous altar of Jiyva.
   479 | D        | Found an ancient bone altar of Kikubaaqudgha.
   480 | D        | Found a corrupted altar of Lugonu.
   481 | D        | Found a burning altar of Makhleb.
   482 | D        | Found a sparkling altar of Nemelex Xobeh.
   483 | D        | Found an iron altar of Okawaru.
   484 | D        | Found a stormy altar of Qazlal.
   485 | D        | Found a sacrificial altar of Ru.
   486 | D        | Found a deep blue altar of Sif Muna.
   487 | D        | Found a bloodstained altar of Trog.
   488 | D        | Found a hide-covered altar of Uskayaw.
   489 | D        | Found a radiant altar of Vehumet.
   491 | D        | Found a shimmering altar of Xom.
   492 | D        | Found a basalt altar of Yredelemnul.
   493 | D        | Found a glowing silver altar of Zin.
   494 | D        | Found a glowing golden altar of the Shining One.
   497 | D        | Became a worshipper of Vehumet
   520 | D        | Learned a level 3 spell: Conjure Flame
   549 | D        | Noticed a sky beast
   549 | D        | Noticed a vampire
   549 | D        | Noticed a sky beast
   549 | D        | Noticed a two-headed ogre
   572 | D        | Killed a two-headed ogre
   572 | D        | Reached skill level 9 in Dodging
   572 | D        | Reached XP level 5. HP: 26/28 MP: 0/18
   572 | D        | Reached XP level 6. HP: 30/32 MP: 0/19
   572 | D        | Reached XP level 7. HP: 34/36 MP: 0/21
   593 | D        | Reached skill level 10 in Dodging
   618 | D        | Reached * piety under Vehumet
   618 | D        | Offered knowledge of Sandblast by Vehumet.
   618 | D        | HP: 1/36 [something (8)]
   627 | D        | Slain by a vampire

Skill      XL: |  1  2  3  4  5  6  7 |
---------------+----------------------+-----
Dodging        | 3 5 6 9 10 | 10.0
Conjurations   | 2 4 5 8 9 |  9.1
Fire Magic     | 4 5 6 9 |  9.6
Spellcasting   | 8 |  8.9
Evocations     | 6 |  6.9
Stealth        | |  2.4

Action                   |  1- 3 |  4- 6 |  7- 9 || total
-------------------------+-------+-------+-------++-------
Melee: Short sword       |     6 |     8 |       ||    14
       Staff             |       |       |    11 ||    11
 Cast: Flame Tongue      |    16 |     7 |     6 ||    29
       Conjure Flame     |       |     1 |     1 ||     2
Evoke: Staff of energy   |       |       |     2 ||     2
  Use: Potion            |     1 |     3 |     5 ||     9
Armor: Robe              |     1 |       |     2 ||     3
Dodge: Dodged            |     9 |     5 |    14 ||    28
